 Dungeon Crawl Stone Soup version 0.26-a0-649-gf8c6c3aab7 (webtiles) character file.

Game seed: 6345707395588061675

1787 Peloso the Carver (level 8, -8/71 HPs)
             Began as a Minotaur Fighter on Sept 26, 2020.
             Was a Believer of Okawaru.
             Mangled by Harold
             ... wielding a +0 halberd
              (13 damage)
             ... on level 6 of the Dungeon.
             The game lasted 00:12:08 (5974 turns).

Peloso the Carver (Minotaur Fighter)                Turns: 5974, Time: 00:12:09

Health: -8/71      AC: 15    Str: 22    XL:     8   Next: 82%
Magic:  7/7        EV:  6    Int: 11    God:    Okawaru [**....]
Gold:   391        SH: 11    Dex: 11    Spells: 7/7 levels left

rFire    . . .     SeeInvis .   a - +0 long sword
rCold    . . .     Faith    .   c - +0 kite shield
rNeg     . . .     Spirit   .   r - +0 plate armour
rPois    .         Reflect  .   (helmet restricted)
rElec    .         Harm     .   h - +0 cloak
rCorr    .         Rampage  .   n - +0 pair of gloves
MR       .....                  (no boots)
Stlth    ..........             (no amulet)
HPRegen  0.21/turn              l - +6 ring of intelligence
MPRegen  0.10/turn              (no ring)

@: no status effects
A: retaliatory headbutt, horns 2
a: Heroism, Renounce Religion


You were on level 6 of the Dungeon.
You worshipped Okawaru.
Okawaru was pleased with you.
You visited 1 branch of the dungeon, and saw 7 of its levels.

You collected 391 gold pieces.

Inventory:

Hand Weapons
 a - a +0 long sword (weapon)
Missiles
 x - 33 bolts
Armour
 b - a +0 scale mail
 c - a +0 kite shield (worn)
 h - a +0 cloak (worn)
 k - a +0 chain mail
 n - a +0 pair of gloves (worn)
 r - a +0 plate armour (worn)
Jewellery
 l - a +6 ring of intelligence (left hand)
 B - an uncursed ring of fire {unknown}
Wands
 q - a wand of polymorph (8)
 u - a wand of iceblast (6)
 w - a wand of acid (6)
Scrolls
 e - 4 scrolls of remove curse {unknown}
 g - 6 scrolls of identify {unknown}
 i - 2 scrolls of enchant weapon {unknown}
 j - 6 scrolls of teleportation
 m - 2 scrolls of immolation {unknown}
 p - a scroll of random uselessness {unknown}
 y - a scroll of blinking {unknown}
 A - 2 scrolls of fear {unknown}
 C - a scroll of noise {unknown}
 D - a scroll of amnesia {unknown}
Potions
 d - 2 potions of might
 f - a potion of heal wounds
 o - 3 potions of curing {unknown}
 s - 3 potions of lignification {unknown}
 t - 3 potions of ambrosia {unknown}
 v - a potion of magic {unknown}
 z - a potion of mutation {unknown}


   Skills:
 + Level 6.3 Fighting
 + Level 8.2 Long Blades
 + Level 7.0 Armour
 + Level 2.4 Dodging
 + Level 0.7 Stealth
 + Level 7.9 Shields
 + Level 0.6 Unarmed Combat


You had 7 spell levels left.
You didn't know any spells.
Your spell library contained the following spells:

 Spells                   Type           Power        Failure   Level
 Beastly Appendage        Tmut           #.....       100%        1
 Magic Dart               Conj           #...         100%        1
 Sandblast                Erth           #.....       100%        1
 Blink                    Tloc           N/A          100%        2
 Call Imp                 Summ           #.......     100%        2
 Passwall                 Tmut/Erth      #.......     100%        2
 Slow                     Hex            #.......     100%        2
 Wereblood                Tmut           #.......     100%        2
 Conjure Flame            Conj/Fire      #.......     100%        3
 Mephitic Cloud           Conj/Pois/Air  #.......     100%        3
 Spider Form              Tmut/Pois      #.........   100%        3
 Stone Arrow              Conj/Erth      #.....       100%        3
 Ice Form                 Ice/Tmut       #.......     100%        4
 Petrify                  Tmut/Erth      #.......     100%        4
 Blade Hands              Tmut           #.........   100%        5
 Lee's Rapid Deconstruct  Erth           #.........   100%        5


Dungeon Overview and Level Annotations

Branches:
Dungeon (7/15)             Temple (0/1) D:4

Altars:
Cheibriados
Elyvilon
Fedhas
Hepliaklqana
Okawaru

Annotations:
D:4 3 runed translucent doors, lilly's ghost, amateur MiMo
D:6 1 runed translucent door, Harold; hemabe71's ghost, novice HuAr


Innate Abilities, Weirdness & Mutations

You reflexively headbutt those who attack you in melee.
You have a pair of horns on your head.


Message History

Harold is moderately wounded.
Harold hits you with a +0 halberd!
* * * LOW HITPOINT WARNING * * *
You closely miss Harold. You headbutt Harold, but do no damage.
Harold is moderately wounded.
Harold hits you but does no damage.
You hit Harold. You headbutt Harold.
Harold is moderately wounded.
You block Harold's attack.
You hit Harold.
Harold is heavily wounded.
Harold closely misses you.
You riposte.
You slash Harold! Your headbutt misses Harold.
Harold is heavily wounded.
You barely miss Harold.
Harold is heavily wounded.
You closely miss Harold.
Harold is heavily wounded.
Harold hits you with a +0 halberd!
You die...

..###....#....##..# #.#
..###....#........########.#
............#..#.......)...#
............#..#..######...#
..###.#+###.##....# #.#.#
..# #.#.##........# #.#.#
..# #.#.##........######.###
..###...##....#..@.......#
..#.....###.###.@[.#####.#
..#.........# ###..# #.#
..#.....#...# #..# #.#
..[.........# #..# #.#
..........#.## #..# #.#
.#.#.#..#.#..####..# #.#
.#.#.#..#..........# ###
.#.#.#..###)..###.##
..............# #.#


You could see Harold.

Vanquished Creatures
  Sigmund (D:3)
  An orc warrior (D:5)
  A black bear (D:6)
  A sky beast (D:7)
  2 ogres
  2 centaurs
  A bullfrog (D:6)
  A scorpion (D:5)
  A bullfrog zombie (D:5)
  2 hounds (D:6)
  2 orc priests
  A jelly (D:5)
  2 centaur skeletons
  Ijyb (D:3)
  Terence (D:3)
  8 orc wizards
  2 worker ants (D:4)
  A hound zombie (D:5)
  2 hound skeletons
  A worker ant zombie (D:6)
  Robin (D:3)
  3 gnolls (D:6)
  9 adders
  2 shadow imps
  An ooze (D:3)
  An adder skeleton (D:7)
  3 worms
  A dart slug (D:1)
  A leopard gecko (D:2)
  22 orcs
  5 giant cockroaches
  12 goblins
  12 hobgoblins
  11 jackals
  5 quokkas
  16 bats
  2 frilled lizards
  A jackal skeleton (D:5)
  4 kobolds
  5 rats
151 creatures vanquished.

Notes
Turn   | Place    | Note
-------+----------+-------------------------------------------
     0 | D:1      | Peloso the Minotaur Fighter began the quest for the Orb.
     0 | D:1      | Reached XP level 1. HP: 19/19 MP: 0/0
   180 | D:1      | Reached XP level 2. HP: 24/27 MP: 1/1
   470 | D:1      | Found a snail-covered altar of Cheibriados.
   668 | D:2      | Reached XP level 3. HP: 30/33 MP: 2/2
   860 | D:2      | Noticed an ogre
   998 | D:2      | Reached XP level 4. HP: 35/40 MP: 3/3
   999 | D:2      | Reached skill level 3 in Long Blades
  1058 | D:3      | Noticed Sigmund
  1109 | D:3      | Killed Sigmund
  1109 | D:3      | Reached skill level 4 in Long Blades
  1109 | D:3      | Reached skill level 1 in Dodging
  1109 | D:3      | Reached skill level 5 in Shields
  1109 | D:3      | Reached XP level 5. HP: 44/47 MP: 4/4
  1247 | D:3      | Noticed Robin
  1276 | D:3      | Killed Robin
  1276 | D:3      | Reached XP level 6. HP: 42/53 MP: 5/5
  1399 | D:3      | Noticed Ijyb
  1417 | D:3      | Found a white marble altar of Elyvilon.
  1419 | D:3      | Killed Ijyb
  1470 | D:3      | Found an iron altar of Okawaru.
  1478 | D:3      | Became a worshipper of Warmaster Okawaru
  1490 | D:3      | Noticed Terence
  1505 | D:3      | Killed Terence
  1862 | D:3      | Reached skill level 5 in Fighting
  2307 | D:4      | Found a staircase to the Ecumenical Temple.
  2335 | D:4      | Reached skill level 5 in Armour
  2406 | D:4      | Found a runed translucent gate.
  2406 | D:4      | Found a runed translucent gate.
  2406 | D:4      | Found a runed translucent gate.
  2421 | D:4      | Noticed lilly's ghost (amateur MiMo)
  2599 | D:4      | You fall into a shaft and drop 2 floors!
  2620 | D:6      | Reached XP level 7. HP: 60/61 MP: 6/6
  2647 | D:6      | Reached skill level 5 in Long Blades
  2849 | D:6      | Found a runed translucent door.
  2852 | D:6      | Noticed hemabe71's ghost (novice HuAr)
  2892 | D:6      | Reached * piety under Okawaru
  2892 | D:6      | Reached skill level 6 in Long Blades
  3775 | D:5      | Entered Level 5 of the Dungeon
  3826 | D:5      | Reached XP level 8. HP: 60/70 MP: 4/7
  3882 | D:5      | Found a blossoming altar of Fedhas.
  4051 | D:5      | Reached skill level 7 in Long Blades
  4382 | D:5      | Found a hazy altar of Hepliaklqana.
  4968 | D:2      | Reached ** piety under Okawaru
  5563 | D:7      | Reached skill level 8 in Long Blades
  5740 | D:7      | Noticed Harold
  5974 | D:6      | Mangled by Harold

Illustrated notes

Levels and vault maps discovered:
D:1:      onia_arrival_mini_spirals, layout_basic, cheibriados_altar_1
D:2:      layout_rooms
D:3:      layout_basic, okawaru_gym_becter, nicolae_overflow_crystal_walls,
          minmay_misc_feat_room, uniq_sigmund, uniq_robin, uniq_ijyb,
          uniq_terence
D:4:      minmay_general_purpose_star, layout_cave_pools,
          minmay_temple_entry_offerings, ebering_ghost_rock_garden
D:5:      layout_loops_ring, fedhas_altar_fruit_tree, lemuel_doored_altar
D:6:      layout_basic, hellmonk_ghost_happy_afterlife,
          kennysheep_generic_room_15
D:7:      layout_loops_cross, grunt_temple_overflow_lords_of_destruction,
          uniq_harold

Skill      XL: |  1  2  3  4  5  6  7  8 |
---------------+-------------------------+-----
Armour         | 4 5 7 |  7.0
Shields        | 4 5 6 7 |  7.9
Fighting       | 4 5 6 |  6.3
Long Blades    | 4 6 8 |  8.2
Dodging        | 1 2 |  2.4
Stealth        | |  0.7
Unarmed Combat | |  0.6

Action                   |  1- 3 |  4- 6 |  7- 9 || total
-------------------------+-------+-------+-------++-------
Melee: Long sword        |    77 |   183 |   235 ||   495
       Headbutt          |     8 |    39 |    43 ||    90
       Unarmed           |       |    26 |       ||    26
Invok: Heroism           |       |       |     1 ||     1
  Use: Potion            |     3 |       |       ||     3
       Scroll            |       |     1 |       ||     1
Armor: Scale mail        |     5 |       |       ||     5
       Chain mail        |    76 |    49 |       ||   125
       Skin              |       |     8 |       ||     8
       Plate armour      |       |    82 |   127 ||   209
Dodge: Dodged            |    31 |    50 |    40 ||   121
Block: Kite shield       |    62 |   107 |   116 ||   285
       Rpst.: Long sword |     5 |    10 |    12 ||    27

Table legend: (Time is in decaauts)
 A = Elapsed time spent in this place.
 B = Non-inter-level travel time spent in this place.
 C = Inter-level travel time spent in this place.
 D = Time resting spent in this place.
 E = Time spent auto-exploring this place.
 F = Levels seen in this place.
 G = Mean time per level.
                   A        B        C        D        E       F      G
               +--------+--------+--------+--------+--------+-----+--------+
         Total |   6070 |   5877 |    193 |    398 |   4014 |   7 |  867.1 |
       Dungeon |   6070 |   5877 |    193 |    398 |   4014 |   7 |  867.1 |
               +--------+--------+--------+--------+--------+-----+--------+

Top non-repeatable levels by time:
     D:6: 1425 daAuts
     D:3: 1311 daAuts
     D:2: 871 daAuts
     D:5: 846 daAuts
     D:1: 708 daAuts
     D:4: 670 daAuts
     D:7: 236 daAuts
